 Dungeon Crawl Stone Soup version 0.31-b1-22-gc680215f68 (webtiles) character file.

Game seed: 5527232294054910609

449147 groovy9 the Warrior (level 23, -2/111 HPs)
             Began as a Gargoyle Berserker on Jan 18, 2024.
             Was a High Priest of Trog.
             Killed from afar by an ancient lich (30 damage)
             ... with a bolt of acid
             ... on level 5 of the Abyss on Jan 19, 2024.
             The game lasted 03:10:41 (39307 turns).

groovy9 the Warrior (Gargoyle Berserker)           Turns: 39307, Time: 03:10:41

Health: -2/111     AC: 60    Str: 44      XL:     23   Next: 55%
Magic:  18/18      EV: 10    Int:  9      God:    Trog [*****.]
Gold:   2979       SH: 29    Dex:  5 (6)  Spells: 22/22 levels left

rFire   + . .        v - +9 morningstar (vamp)
rCold   + + .        a - +10 tower shield of Ignorance {rN+ Int-4}
rNeg    + + +        B - +12 ice dragon scales of the Ward {+Inv rF- rC++ Str+3}
rPois   ∞            p - +0 mask of the Dragon {Will+ Slay+3 SInv}
rElec   +            e - +0 cloak "Qelurch" {rElec rPois Str+2 Dex-3}
rCorr   .            K - +2 pair of gloves {Str+3}
SInv    +            F - +2 pair of boots {rampage}
Will    +++..        t - amulet of regeneration Stlth
                     A - ring of Agut {rF+ rN+ Str+6}
HPRegen 1.18/turn    Y - ring "Domayts" {rElec rF+ Will+ Int+5}
MPRegen 0.16/turn

%: rampage
@: flying, studying Short Blades
A: sickness immunity, AC +17, big wings, negative energy resistance 1,
electricity resistance, torment resistance 1, petrification resistance,
iridescent scales 2, agile 1, mutation resistance 1, [clumsy 2], [frail 3], [low
MP 2], [screaming 1]
}: 4/15 runes: serpentine, barnacled, slimy, abyssal
a: Renounce Religion, Evoke Invisibility, Berserk, Trog's Hand, Brothers in Arms


You were on level 5 of the Abyss.
You worshipped Trog.
Trog was extremely pleased with you.
You visited 7 branches of the dungeon, and saw 40 of its levels.
You visited the Abyss 3 times.
You also visited: Gauntlet.

You collected 6582 gold pieces.
You spent 3603 gold pieces at shops.

Inventory:

Hand Weapons
 s - a +9 spectral morningstar
 v - a +9 vampiric morningstar (weapon)
Missiles
 S - 10 throwing nets (quivered)
Armour
 a - the +10 tower shield of Ignorance (worn) {rN+ Int-4}
   (You found it on level 14 of the Dungeon)

   Int-4:     It affects your intelligence (-4).
   rN+:       It protects you from negative energy.
 e - the +0 cloak "Qelurch" (worn) {rElec rPois Str+2 Dex-3}
   (You found it on level 3 of the Shoals)

   Str+2:     It affects your strength (+2).
   Dex-3:     It affects your dexterity (-3).
   rElec:     It insulates you from electricity.
   rPois:     It protects you from poison
 p - the +0 mask of the Dragon (worn) {Will+ Slay+3 SInv}
   (You bought it in a shop on level 2 of the Orcish Mines)

   Slay+3:    It affects your accuracy & damage with ranged weapons and melee
   (+3).
   Will+:     It increases your willpower.
   SInv:      It lets you see invisible.
 B - the +12 ice dragon scales of the Ward (worn) {+Inv rF- rC++ Str+3}
   (You found it on level 5 of the Pits of Slime)

   Str+3:     It affects your strength (+3).
   rF-:       It makes you vulnerable to fire.
   rC++:      It greatly protects you from cold.
   +Inv:      It lets you turn invisible.
 F - a +2 pair of boots of rampaging (worn)
 K - a +2 pair of gloves of strength (worn)
 R - the +7 plate armour of Eternal Vigilance {rC+ rN+ Str+3}
   (You found it on level 5 of the Pits of Slime)

   Str+3:     It affects your strength (+3).
   rC+:       It protects you from cold.
   rN+:       It protects you from negative energy.
Jewellery
 t - an amulet of regeneration (around neck)
 A - the ring of Agut (left hand) {rF+ rN+ Str+6}
   (You found it on level 5 of the Pits of Slime)

   [ring of positive energy]

   Str+6:     It affects your strength (+6).
   rF+:       It protects you from fire.
   rN+:       It protects you from negative energy.
 C - the ring "Bedd" {+Blink rF+ rN+ Int-3 Slay+4}
   (You bought it in a shop on level 2 of the Snake Pit)

   [ring of protection from fire]

   Int-3:     It affects your intelligence (-3).
   Slay+4:    It affects your accuracy & damage with ranged weapons and melee
   (+4).
   rF+:       It protects you from fire.
   rN+:       It protects you from negative energy.
   +Blink:    It lets you blink.
 I - a ring of resist corrosion
 X - the ring "Diur" {+Blink rPois Str+3 Int+2 Slay+3}
   (You found it on level 5 of the Pits of Slime)

   [ring of poison resistance]

   Str+3:     It affects your strength (+3).
   Int+2:     It affects your intelligence (+2).
   Slay+3:    It affects your accuracy & damage with ranged weapons and melee
   (+3).
   rPois:     It protects you from poison +Blink: It lets you blink.
 Y - the ring "Domayts" (right hand) {rElec rF+ Will+ Int+5}
   (You found it on level 5 of the Pits of Slime)

   [ring of willpower]

   Int+5:     It affects your intelligence (+5).
   rF+:       It protects you from fire.
   rElec:     It insulates you from electricity.
   Will+:     It increases your willpower.
Wands
 b - a wand of light (8)
 u - a wand of polymorph (16)
 y - a wand of charming (38)
 J - a wand of mindburst (7)
 T - a wand of digging (5)
Scrolls
 d - 7 scrolls of teleportation
 f - a scroll of brand weapon
 g - 8 scrolls of immolation
 o - 2 scrolls of summoning
 q - 5 scrolls of silence
 w - 4 scrolls of torment
 x - 8 scrolls of revelation
 z - 5 scrolls of fear
 D - 6 scrolls of fog
 G - 6 scrolls of blinking
 L - 7 scrolls of poison
 M - 10 scrolls of identify
Potions
 c - 3 potions of heal wounds
 h - 3 potions of cancellation
 i - 6 potions of haste
 j - 3 potions of mutation
 k - 3 potions of might
 l - 3 potions of magic
 m - 5 potions of enlightenment
 n - 16 potions of curing
 E - a potion of lignification
 H - a potion of invisibility
 N - 5 potions of resistance
 O - 2 potions of ambrosia
 P - 3 potions of berserk rage
 W - 2 potions of attraction
Miscellaneous
 r - a phantom mirror
 Q - a lightning rod (4/4)


   Skills:
 + Level 20.9 Fighting
 - Level 7.7(13.5) Axes
 - Level 18.7(19.3) Maces & Flails
 + Level 20.7 Armour
 - Level 1.5 Dodging
 + Level 20.5 Shields
 * Level 16.3 Evocations


You had 22 spell levels left.
You didn't know any spells.
Your spell library was empty.

Dungeon Overview and Level Annotations

Branches:
Dungeon (15/15)            Temple (0/1) D:6            Lair (5/5) D:9
 Shoals (4/4) Lair:2        Snake (4/4) Lair:3        Slime (5/5) Lair:4
    Orc (2/2) D:10            Elf (0/3) Orc:2        Vaults (5/5) D:13
  Crypt (0/3) Vaults:2    Gauntlet (visited)
 Depths: D:15

Altars:
Dithmenos
Elyvilon
Fedhas
Gozag
Hepliaklqana
Kikubaaqudgha
Makhleb
Qazlal
Ru
Sif Muna
Trog
Uskayaw
Vehumet
Xom
Jiyva

Shops:
Orc:2 ([(   Shoals:3 :?([(   Snake:2 =:=   Vaults:1 [   Vaults:2 *(
Vaults:5 ?!

Portals:
Hell: Lair:5

Annotations:
Vaults:5 Boris


Innate Abilities, Weirdness & Mutations

You are immune to sickness and miasma.
Your stone body is resilient. (AC +17)
You are immune to poison.
Your large and strong wings let you fly.
You resist negative energy. (rN+)
You are resistant to electric shocks. (rElec)
You are resistant to unholy torment.
You are immune to petrification.
You are mostly covered in iridescent scales. (AC +4)
You are agile. (Dex +4, Str/Int -1)
You are somewhat resistant to further mutation.
[You are very clumsy. (Dex -4)]
[You are extremely frail. (-30% HP)]
[Your magical capacity is very low. (-20% MP)]
[You occasionally shout uncontrollably at your foes.]


Message History

A freezing wraith comes into view.
You hear a shout!
You hear a loud, deep croak!
You hear an angry squeal.
You hear a bellow!
The hellion gestures at you.
The sphere of damnation explodes!
The damnation engulfs you!!
The starcursed mass shrieks in your mind.
An angel comes into view. It is wielding a +2 whip of holy wrath.
The golden eye blinks at you. You resist with almost no effort.
You hear a croak.
You hear a trumpeting!
You hear a roar!
A blink frog comes into view.
The golden eye blinks at you. You resist with almost no effort.
A tentacle flies out from the starspawn's body!
The starcursed mass shrieks in your mind.
A tentacled starspawn comes into view.
A starspawn tentacle comes into view.
A starcursed mass comes into view.
The hellion gestures at you.
The sphere of damnation explodes!
The damnation engulfs you!!
A starcursed mass splits.
A chorus of shrieks assaults your mind. You block the blink frog's attack.
The hellion gestures at you.
The sphere of damnation explodes!
The damnation engulfs you!!
* * * LOW HITPOINT WARNING * * *
The damnation engulfs the blink frog!!
You hear a loud, deep croak!
You hear a shout!
You hear an angry hiss.
A blink frog comes into view.
The blink frog gives a loud, deep croak!
A starcursed mass splits.
The blink frog blinks! x3
You block the hellion's attack.
A starcursed mass splits.
Blink to where?
Press: ? - help, Dir - move target A hellephant, an ancient zyme, an ancient lich, a wretched star and a ynoxinul come into view.
As you read the scroll of blinking, it crumbles to dust.
The ancient lich shouts!
The ancient lich casts a spell at you. The bolt of acid hits you!!
You die...

### #.~##
...
##~###Y## #
...*x.L@# #
#########..#
#. ~~~
..##.. #.
.♣F~~. ..
#.# ##§#
#≈XX#.##.#
#3.#.
###.###
#~F~X.X.#
#... #. .##
#~~~X.2§###
#... ## #. ~
.~§#§W##~.##
#...
##.##§§~
~.§#.AF~~.#
##.####..# .
~


You could see a hellephant, an ancient lich, a wretched star, an ancient zyme, a
freezing wraith, a hellion and a ynoxinul.

Vanquished Creatures
  the Royal Jelly (Slime:5)
  Mara (Shoals:4)
  A juggernaut (Abyss:5)
  A golden dragon (Vaults:5)
  Nikola (Snake:2)
  2 bone dragons
  A shard shrike skeleton (Abyss:5)
  A tentacled monstrosity (Vaults:5)
  3 titans (Vaults:5)
  A quicksilver dragon (Abyss:5)
  22 acid blobs
  Asterion (Snake:2)
  Frances (Snake:2)
  Polyphemus (Shoals:3)
  5 sphinxes
  An Executioner (Abyss:5)
  2 krakens
  6 tentacled starspawn
  5 tengu reavers
  4 shadow dragons
  2 thorn hunters (Abyss:5)
  6 nagarajas
  2 frost giants
  A storm dragon (Vaults:5)
  Aizul (Snake:2)
  A fire giant (Vaults:2)
  14 rockslimes
  13 azure jellies
  2 deep elf sorcerers (Vaults:5)
  A balrug (Abyss:5)
  A deep elf elementalist (Abyss:1)
  18 vault wardens
  4 orc warlords
  2 ghouls
  13 quicksilver oozes
  17 ironbound preservers
  An angel (Abyss:5)
  9 formless jellyfish
  4 stone giants
  4 very ugly things
  The ghost of Heezod the Fighter, a journeyman MiBe of Trog (Shoals:3)
  5 ironbound thunderhulks
  A starflower (Abyss:5)
  An ophan (Abyss:5)
  Nessos (Lair:4)
  A deep elf annihilator (Vaults:5)
  7 dire elephants
  2 deep elf death magi
  A minotaur (Gauntlet)
  An eidolon (Vaults:2)
  2 merfolk javelineers (Shoals:4)
  Josephine (D:11)
  7 ettins
  2 deep elf high priests (Vaults:5)
  4 merfolk impalers
  A spriggan zombie (Abyss:1)
  A jiangshi (Vaults:2)
  7 yaktaur captains
  3 entropy weavers
  A green death (Abyss:1)
  Fannar (D:12)
  6 great orbs of eyes
  34 vault guards
  A peacekeeper (Vaults:2)
  Erolcha (Orc:1)
  15 centaur warriors
  4 ogre magi
  7 ironbound frosthearts
  6 salamander tyrants
  9 hydras
  A merfolk aquamancer (Shoals:4)
  7 anacondas
  6 boulder beetles
  2 satyrs
  2 dancing weapons (Abyss:5)
  A catoblepas (Shoals:3)
  4 two-headed ogres
  4 alligator snapping turtles
  3 merfolk avatars
  9 naga warriors
  3 hell hogs (Abyss:1)
  10 death yaks
  2 demonic crawlers
  A deep troll earth mage (D:15)
  A soul eater (Gauntlet)
  Urug (Lair:1)
  6 shock serpents
  An orc high priest (Orc:2)
  11 thrashing horrors
  4 sun demons (Abyss:5)
  Sonja (Lair:3)
  Nergalle (Orc:1)
  2 wretched stars (Abyss:5)
  8 naga sharpshooters
  Amaemon (D:10)
  A fire crab (shapeshifter) (Vaults:5)
  3 sixfirhies
  4 skysharks
  2 cherubim (Abyss:5)
  2 shadow wraiths (Vaults:5)
  17 sea snakes
  A spatial maelstrom (Abyss:4)
  5 salamander mystics
  A cyclops (shapeshifter) (Vaults:5)
  A flayed ghost (D:15)
  8 naga ritualists
  53 deep trolls
  A sun moth (shapeshifter) (D:13)
  9 arcanists
  3 glowing orange brains
  14 mana vipers
  A steelbarb worm (shapeshifter) (Vaults:2)
  A death drake (Abyss:1)
  3 necromancers
  18 lindwurms
  An orb spider (Abyss:5)
  Pikel (D:5)
  17 harpies
  17 orc knights
  3 phantasmal warriors
  A deep elf pyromancer (D:12)
  19 ironbound convokers
  26 starcursed masses
  26 ugly things
  10 large abominations
  20 salamanders
  16 fauns
  A shining eye (Slime:5)
  23 manticores
  9 cyclopes
  4 orc sorcerers (Orc:2)
  2 worldbinders
  A moth of wrath (Shoals:3)
  3 apocalypse crabs
  38 black mambas
  14 elephants (Lair:5)
  6 water nymphs
  A kobold blastminer (Orc:2)
  11 merfolk sirens
  3 guardian serpents
  A torpor snail (Lair:2)
  14 naga magi
  17 vault sentinels
  An unseen horror (Abyss:5)
  14 cane toads
  3 freezing wraiths
  2 gargoyles
  Maggie (D:7)
  An eye of devastation (Abyss:5)
  4 orange demons
  6 smoke demons
  22 yaktaurs
  4 efreet
  2 kobold demonologists (D:9)
  7 rime drakes
  10 komodo dragons
  A yaktaur (shapeshifter) (Vaults:4)
  5 ancient zymes
  2 red devils (Lair:5)
  23 merfolk
  10 polar bears
  6 trolls
  8 wind drakes
  15 raiju
  25 blink frogs
  17 snapping turtles
  6 dream sheep (Shoals:2)
  A hornet (D:9)
  A glass eye (Slime:5)
  2 saltlings (Orc:2)
  84 slime creatures
  An ettin skeleton (Abyss:2)
  4 ynoxinuls
  A jumping spider (Vaults:4)
  2 shadows
  6 wraiths
  4 wyverns
  9 water elementals
  37 yaks
  3 vampires
  5 wargs
  A warg (shapeshifter) (D:13)
  A steam dragon (D:10)
  2 yaks (shapeshifter) (D:13)
  6 golden eyes
  2 neqoxecs (Abyss:5)
  2 spatial vortices
  A redback (Vaults:4)
  2 vampire mosquitoes (D:12)
  2 basilisks
  A chaos spawn (Abyss:2)
  27 nagas
  6 small abominations
  An acid dragon (D:13)
  4 hell hounds (Lair:5)
  9 water moccasins
  2 black bears (Lair:1)
  28 orc warriors
  3 ice beasts
  2 sky beasts
  7 laughing skulls
  23 wolves
  8 ogres
  6 centaurs
  A phantom (D:4)
  5 kobold brigands (D:9)
  9 bullfrogs
  2 gnoll sergeants (D:9)
  A scorpion (D:5)
  6 wights
  17 killer bees
  4 electric eels
  5 bombardier beetles
  3 jellies
  6 orc priests
  5 hounds
  A gnoll bouda (D:6)
  2 sleepcaps
  21 orc wizards
  2 iguanas
  A human simulacrum (D:10)
  21 gnolls
  11 adders
  5 shadow imps
  3 white imps
  3 ufetubi
  3 dart slugs
  A ribbon worm (D:2)
  58 orcs
  8 ball pythons
  6 endoplasms
  2 giant cockroaches
  6 goblins
  6 hobgoblins
  4 jackals
  3 quokkas
  7 bats
  4 frilled lizards
  8 kobolds
  5 rats
  A lurking horror (Abyss:5)
  6 starspawn tentacles
1619 creatures vanquished.

Vanquished Creatures (collateral kills)
  A rockslime (Slime:5)
  2 orc warlords
  3 ironbound preservers
  2 quicksilver oozes (Slime:5)
  A vault guard (Vaults:4)
  An orc knight (Vaults:1)
  An ugly thing (D:15)
  3 large abominations (Abyss:2)
  A torpor snail (shapeshifter) (D:15)
  5 yaktaurs
  A slime creature (Slime:1)
  A basilisk (D:15)
  An orc warrior (D:10)
  A laughing skull (D:15)
  5 starcursed masses (Abyss:2)
  4 orcs
33 creatures vanquished.

Vanquished Creatures (others)
  A lich (Vaults:5)
  A tentacled starspawn (Abyss:5)
  A salamander tyrant (Snake:4)
  A thrashing horror (Abyss:5)
  A large abomination (Abyss:5)
  A worldbinder (Abyss:5)
  An apocalypse crab (Abyss:5)
  A troll (Orc:2)
  A human simulacrum (D:10)
  A lurking horror (Abyss:2)
  43 spectral weapons
  24 starspawn tentacles
  8 tentacles
85 creatures vanquished.

Grand Total: 1737 creatures vanquished

Notes
Turn   | Place    | Note
-------+----------+-------------------------------------------
     0 | D:1      | groovy9 the Gargoyle Berserker began the quest for the Orb.
     0 | D:1      | Reached XP level 1. HP: 14/14 MP: 1/1
   254 | D:1      | Reached XP level 2. HP: 16/19 MP: 2/2
   314 | D:1      | Found a faded altar of an unknown god.
   650 | D:1      | Reached skill level 1 in Shields
   783 | D:2      | Reached XP level 3. HP: 23/23 MP: 3/3
  1011 | D:2      | Reached XP level 4. HP: 29/29 MP: 4/4
  1381 | D:3      | Reached ** piety under Trog
  1424 | D:3      | Found an opulent altar of Gozag.
  1431 | D:3      | Found a hide-covered altar of Uskayaw.
  1667 | D:3      | Reached XP level 5. HP: 33/33 MP: 5/5
  2325 | D:4      | Reached XP level 6. HP: 38/38 MP: 6/6
  2488 | D:4      | Found a hazy altar of Hepliaklqana.
  2734 | D:5      | Entered Level 5 of the Dungeon
  2850 | D:5      | Reached XP level 7. HP: 44/44 MP: 7/7
  2984 | D:5      | Reached skill level 5 in Axes
  3000 | D:5      | Reached skill level 5 in Fighting
  3368 | D:5      | Noticed Pikel
  3380 | D:5      | Killed Pikel
  3381 | D:5      | Reached skill level 5 in Armour
  3381 | D:5      | Reached XP level 8. HP: 51/51 MP: 8/8
  3559 | D:6      | Reached skill level 5 in Shields
  3617 | D:6      | Found a staircase to the Ecumenical Temple.
  3645 | D:6      | Reached XP level 9. HP: 55/55 MP: 9/9
  4420 | D:7      | Noticed Maggie
  4429 | D:7      | Killed Maggie
  4638 | D:7      | Found a shimmering altar of Xom.
  4691 | D:7      | Reached skill level 1 in Maces & Flails
  5767 | D:8      | Found a radiant altar of Vehumet.
  5774 | D:8      | Reached *** piety under Trog
  5777 | D:8      | Found an ancient bone altar of Kikubaaqudgha.
  5783 | D:8      | Found a shimmering blue altar of Sif Muna.
  5894 | D:8      | Reached skill level 5 in Maces & Flails
  5920 | D:8      | Reached XP level 10. HP: 61/61 MP: 10/10
  6553 | D:9      | Noticed a kobold demonologist
  6553 | D:9      | Noticed a kobold demonologist
  6562 | D:9      | Killed a kobold demonologist
  6569 | D:9      | Killed a kobold demonologist
  6763 | D:9      | Reached **** piety under Trog
  6797 | D:9      | Reached skill level 10 in Maces & Flails
  6917 | D:9      | Reached XP level 11. HP: 64/66 MP: 11/11
  7335 | D:9      | Found a staircase to the Lair.
  7475 | D:10     | Entered Level 10 of the Dungeon
  7732 | D:10     | Found a staircase to the Orcish Mines.
  7878 | D:10     | Noticed Amaemon
  7888 | D:10     | Killed Amaemon
  8154 | D:10     | Noticed a cyclops
  8159 | D:10     | Killed a cyclops
  8407 | Lair:1   | Entered Level 1 of the Lair of Beasts
  8407 | Lair:1   | Noticed Urug
  8407 | Lair:1   | Noticed a boulder beetle
  8413 | Lair:1   | Killed Urug
  8418 | Lair:1   | Killed a boulder beetle
  8565 | Lair:1   | Noticed a death yak
  8567 | Lair:1   | Noticed a death yak
  8567 | Lair:1   | Noticed a death yak
  8588 | Lair:1   | Killed a death yak
  8592 | Lair:1   | Killed a death yak
  8598 | Lair:1   | Killed a death yak
  8903 | Lair:1   | Reached XP level 12. HP: 65/71 MP: 12/12
  9329 | Lair:2   | Reached skill level 15 in Maces & Flails
  9443 | Lair:2   | Noticed a death yak
  9453 | Lair:2   | Killed a death yak
  9894 | Lair:2   | Reached ***** piety under Trog
 10056 | Lair:2   | Found a bloodstained altar of Trog.
 10122 | Lair:2   | Found a staircase to the Shoals.
 10225 | Lair:2   | Noticed a boulder beetle
 10250 | Lair:2   | Killed a boulder beetle
 10585 | Lair:3   | Reached XP level 13. HP: 67/76 MP: 13/13
 10805 | Lair:3   | Found a staircase to the Snake Pit.
 10928 | Lair:3   | Noticed Sonja
 10938 | Lair:3   | Killed Sonja
 11476 | Lair:4   | Noticed Nessos
 11522 | Lair:4   | Found a staircase to the Slime Pits.
 11523 | Lair:4   | Found a viscous altar of Jiyva.
 11547 | Lair:4   | Killed Nessos
 11731 | Lair:4   | Received a gift from Trog
 12115 | Lair:4   | Found a bloodstained altar of Trog.
 12256 | Lair:5   | Entered Level 5 of the Lair of Beasts
 12492 | Lair:5   | Gained mutation: Your large and strong wings let you fly.
                  | [Gargoyle growth]
 12492 | Lair:5   | Reached XP level 14. HP: 85/86 MP: 14/14
 12644 | Lair:5   | Reached skill level 10 in Fighting
 12794 | Lair:5   | Reached skill level 10 in Armour
 13052 | Lair:5   | Found a burning altar of Makhleb.
 13069 | Lair:5   | Reached skill level 10 in Shields
 13077 | Lair:5   | Found a gateway to Hell.
 13144 | Lair:5   | Identified the +1 chain mail of the Clam {rC+ rCorr Str+4
                  | Int-5}
 13570 | Orc:1    | Entered Level 1 of the Orcish Mines
 13570 | Orc:1    | Noticed Erolcha
 13570 | Orc:1    | Noticed Nergalle
 13578 | Orc:1    | Killed Nergalle
 13632 | Orc:1    | Noticed an orc warlord
 13710 | Abyss:1  | Cast into level 1 of the Abyss (Erolcha)
 13736 | Abyss:1  | Found a corrupted altar of Lugonu.
 13742 | Abyss:1  | Found a corrupted altar of Lugonu.
 13884 | Abyss:1  | Noticed a deep elf elementalist
 13891 | Abyss:1  | Killed a deep elf elementalist
 13930 | Abyss:1  | Noticed a bone dragon
 13942 | Abyss:1  | Killed a bone dragon
 13943 | Abyss:1  | Reached XP level 15. HP: 94/94 MP: 15/15
 14039 | Abyss:1  | Noticed a bone dragon
 14197 | Abyss:2  | Noticed a tentacled starspawn
 14229 | Abyss:2  | Killed a tentacled starspawn
 14243 | Orc:1    | Escaped the Abyss
 14250 | D:10     | Killed an orc warlord
 14284 | Abyss:2  | Cast into level 2 of the Abyss (Erolcha)
 14320 | Abyss:2  | Found a corrupted altar of Lugonu.
 14321 | Abyss:2  | Noticed a bone dragon
 14334 | Abyss:2  | Killed a bone dragon
 14350 | Abyss:2  | Noticed an Executioner
 14351 | Abyss:2  | Paralysed by accursed screaming for 2 turns
 14473 | Abyss:3  | Found a corrupted altar of Lugonu.
 14516 | Orc:1    | Escaped the Abyss
 14525 | Orc:1    | Killed Erolcha
 14863 | Orc:2    | Entered Level 2 of the Orcish Mines
 15295 | Orc:2    | Received a gift from Trog
 15383 | Orc:2    | Noticed an orc warlord
 15404 | Orc:2    | Killed an orc warlord
 15456 | Orc:2    | Found Ychuemus's Antique Weapon Shop.
 15532 | Orc:2    | Found Ifacat's Antique Armour Shoppe.
 15534 | Orc:2    | Found Ygresmatoq's Antique Weapon Shoppe.
 15560 | Orc:2    | Gained mutation: You are dopey. (Int -2) [a neqoxec]
 15657 | Orc:2    | Found a staircase to the Elven Halls.
 15780 | Orc:2    | Found Naibb's Armour Shoppe.
 15780 | Orc:2    | Noticed an orc warlord
 15799 | Orc:2    | Killed an orc warlord
 16001 | Orc:2    | Bought the +0 mask of the Dragon {Will+ Slay+3 SInv} for
                  | 534 gold pieces
 16001 | Orc:2    | Found the +0 mask of the Dragon {Will+ Slay+3 SInv}
 16250 | D:11     | Found a sacrificial altar of Ru.
 16499 | D:11     | Noticed Josephine
 16507 | D:11     | Killed Josephine
 16508 | D:11     | Reached XP level 16. HP: 103/103 MP: 16/16
 16792 | D:12     | Noticed Fannar
 16800 | D:12     | Killed Fannar
 16874 | D:12     | Found a shadowy altar of Dithmenos.
 17411 | D:13     | Identified the +7 great mace "Dusat" {holy, rPois Str-3
                  | Dex+4 Stlth+}
 17631 | D:13     | Found a gate to the Vaults.
 17940 | D:14     | Found a burning altar of Makhleb.
 17969 | D:14     | Identified the +4 whip of Dishonesty {spect, rPois Dex+3}
 18020 | D:14     | Identified the +3 broad axe of the Ninety-Nine Stars
                  | {antimagic, rF+ rCorr} (Trog gifted it to you on level 14
                  | of the Dungeon)
 18020 | D:14     | Received a gift from Trog
 18031 | D:14     | Found a gate leading to a gauntlet.
 18040 | Gauntlet | Entered a Gauntlet
 18040 | Gauntlet | Found a transporter.
 18040 | Gauntlet | Found a runed translucent door.
 18041 | Gauntlet | Found a runed translucent door.
 18044 | Gauntlet | Found a transporter.
 18048 | Gauntlet | Found a transporter.
 18055 | Gauntlet | Found a transporter.
 18057 | Gauntlet | Found a transporter.
 18061 | Gauntlet | Found a transporter.
 18066 | Gauntlet | Found a transporter.
 18073 | Gauntlet | Found a transporter.
 18076 | Gauntlet | Found a transporter.
 18082 | Gauntlet | Found a transporter.
 18092 | Gauntlet | Found a transporter.
 18092 | Gauntlet | Found a transporter.
 18098 | Gauntlet | Found a transporter.
 18098 | Gauntlet | Found a runed translucent door.
 18106 | Gauntlet | Found a transporter.
 18351 | Gauntlet | Identified the +7 rapier of Fozif {heavy, Str+2}
 18351 | Gauntlet | Identified the +5 kite shield "Qyot" {Will+}
 18351 | Gauntlet | Identified the ring of Stoicism {rElec rF+ EV+5 Dex+3}
 18368 | Gauntlet | Identified the ring of Zuosuysch {Fire Int+5}
 18373 | Gauntlet | Identified the +2 acid dragon scales of the Sneaky Visions
                  | {Harm rC- Will+ rCorr Int+3}
 18373 | Gauntlet | Identified the +4 flail of Jocyqaf {heavy, rC+ MP-9 Dex+4}
 18566 | D:14     | You are sucked into a shaft and drop 1 floor!
 18566 | D:15     | Entered Level 15 of the Dungeon
 18566 | D:15     | Found a stormy altar of Qazlal.
 18650 | D:15     | Noticed a shadow dragon
 18667 | D:15     | Killed a shadow dragon
 18739 | D:14     | Found the +10 tower shield of Ignorance {rN+ Int-4}
 19444 | Snake:1  | Entered Level 1 of the Snake Pit
 20712 | Snake:1  | Received a gift from Trog
 20772 | Snake:1  | Found the +3 salamander hide armour {Flames, rFlCloud rF++
                  | rC--}
 20869 | Snake:2  | Reached XP level 17. HP: 112/112 MP: 17/17
 20915 | Snake:2  | Noticed Asterion
 20936 | Snake:2  | Killed Asterion
 20981 | Snake:2  | Reached skill level 15 in Fighting
 21002 | Snake:2  | Identified the serpent talisman of Nob Wyco {rF+ Int+2}
 21002 | Snake:2  | Noticed Aizul
 21014 | Snake:2  | Killed Aizul
 21204 | Snake:2  | Identified the +3 ring mail of the Land of Plenty {rC+++
                  | Str-3 Dex-3 SInv}
 21282 | Snake:2  | Reached skill level 15 in Armour
 21517 | Snake:2  | Noticed Nikola
 21524 | Snake:2  | Killed Nikola
 21641 | Snake:2  | Found a blossoming altar of Fedhas.
 21642 | Snake:2  | Noticed Frances
 21651 | Snake:2  | Killed Frances
 21725 | Snake:2  | Found Naovav's Jewellery Shoppe.
 21725 | Snake:2  | Found Ridamn's Book Boutique.
 21726 | Snake:2  | Found Nuewnem's Jewellery Shoppe.
 21736 | Snake:2  | Bought the ring "Bedd" {+Blink rF+ rN+ Int-3 Slay+4} for
                  | 590 gold pieces
 21737 | Snake:2  | Lost intelligence.
 21740 | Snake:2  | Lost mutation: You are dopey. (Int -2) [potion of mutation]
 21740 | Snake:2  | Gained mutation: Your mind is acute. (Int +4, Str/Dex -1)
                  | [potion of mutation]
 21740 | Snake:2  | Gained mutation: You have hidden genetic defects. [potion
                  | of mutation]
 21740 | Snake:2  | Gained mutation: You are vulnerable to cold. (rC-) [potion
                  | of mutation]
 21741 | Snake:2  | Lost mutation: You are vulnerable to cold. (rC-) [potion of
                  | mutation]
 21741 | Snake:2  | Lost mutation: Your mind is acute. (Int +4, Str/Dex -1)
                  | [potion of mutation]
 21741 | Snake:2  | Lost mutation: You have hidden genetic defects. [potion of
                  | mutation]
 21741 | Snake:2  | Gained mutation: You are partially covered in iridescent
                  | scales. (AC +2) [potion of mutation]
 21741 | Snake:2  | Gained mutation: You are agile. (Dex +4, Str/Int -1)
                  | [potion of mutation]
 21741 | Snake:2  | Gained mutation: You are mostly covered in iridescent
                  | scales. (AC +4) [potion of mutation]
 21741 | Snake:2  | Gained mutation: You are somewhat resistant to further
                  | mutation. [potion of mutation]
 22180 | Orc:2    | Bought the +0 pair of boots of the Aged Persimmons {Int+6}
                  | for 385 gold pieces
 22677 | Snake:3  | Reached skill level 15 in Shields
 23215 | Snake:3  | Identified the +1 ring mail of a Gauntlet {Regen+ Slay+3}
 23702 | Snake:4  | Entered Level 4 of the Snake Pit
 23869 | Snake:4  | Found a white marble altar of Elyvilon.
 24133 | Snake:4  | Reached XP level 18. HP: 69/120 MP: 18/18
 25002 | Snake:4  | Reached skill level 1 in Evocations
 25059 | Snake:4  | Reached ****** piety under Trog
 25085 | Snake:4  | Got a serpentine rune of Zot
 25350 | Shoals:1 | Entered Level 1 of the Shoals
 25441 | Shoals:1 | Received a gift from Trog
 26972 | Shoals:2 | Reached skill level 5 in Evocations
 27430 | Shoals:3 | Found Itehozas's Armour Emporium.
 27432 | Shoals:3 | Found Leig Ykhlo's Firing Range.
 27437 | Shoals:3 | Found a transporter.
 27471 | Shoals:3 | Identified the +0 scale mail of a bailey {rCorr}
 27715 | Shoals:3 | Found a transporter.
 27779 | Shoals:3 | Found Yjoexkuomi's Weapon Shop.
 27806 | Shoals:3 | Found Utzu's Magic Scroll Shoppe.
 27811 | Shoals:3 | Bought a scroll of brand weapon for 152 gold pieces
 27811 | Shoals:3 | Bought a scroll of silence for 152 gold pieces
 27811 | Shoals:3 | Bought a scroll of immolation for 64 gold pieces
 27811 | Shoals:3 | Bought 3 scrolls of immolation for 192 gold pieces
 27851 | Shoals:3 | Noticed Polyphemus
 27862 | Shoals:3 | Received a gift from Trog
 27867 | Shoals:3 | Killed Polyphemus
 27935 | Shoals:3 | Reached XP level 19. HP: 120/128 MP: 19/19
 27964 | Shoals:3 | Found Irchan's Book Shoppe.
 28248 | Shoals:3 | Noticed Heezod's ghost (journeyman MiBe)
 28282 | Shoals:3 | Identified the +0 cloak "Qelurch" {rElec rPois Str+2 Dex-3}
 28288 | Shoals:3 | Killed Heezod's ghost
 28321 | Shoals:3 | Identified the amulet of Voafur {Harm rElec Regen+}
 28362 | Shoals:4 | Entered Level 4 of the Shoals
 28768 | Shoals:4 | Noticed Mara
 28770 | Shoals:4 | Noticed groovy9's illusion
 28808 | Shoals:4 | Noticed groovy9's illusion
 28810 | Shoals:4 | Killed Mara
 29143 | Shoals:4 | Received a gift from Trog
 29182 | Shoals:4 | Identified the +5 dagger "Jazops" {drain, rN+ Dex+3}
 29497 | Shoals:4 | Got a barnacled rune of Zot
 29665 | Slime:1  | Entered Level 1 of the Pits of Slime
 29808 | Slime:5  | Entered Level 5 of the Pits of Slime
 30236 | Slime:5  | Found a viscous altar of Jiyva.
 30264 | Slime:5  | Noticed the Royal Jelly
 30536 | Slime:5  | Reached XP level 20. HP: 133/136 MP: 20/20
 31230 | Slime:5  | Killed the Royal Jelly
 31399 | Slime:5  | Identified the +11 bardiche of the Fool {venom, rF+ rN+}
 31400 | Slime:5  | Identified the +2 ring mail "Riuvott" {rPois}
 31401 | Slime:5  | Identified the ring of Agut {rF+ rN+ Str+6}
 31404 | Slime:5  | Identified the +5 ring mail "Baam Guacvo" {rF- Str+4}
 31433 | Slime:5  | Identified the +12 ice dragon scales of the Ward {+Inv rF-
                  | rC++ Str+3}
 31445 | Slime:5  | Identified the +7 plate armour of Eternal Vigilance {rC+
                  | rN+ Str+3}
 31556 | Slime:5  | Identified the ring "Diur" {+Blink rPois Str+3 Int+2
                  | Slay+3}
 31559 | Slime:5  | Identified the +7 lajatang of Gravity {flame, rN+ Str-4
                  | Int+2 Stlth+}
 31631 | Slime:5  | Identified the ring "Domayts" {rElec rF+ Will+ Int+5}
 31648 | Slime:5  | Got a slimy rune of Zot
 31649 | Slime:5  | Identified the +10 short sword "Elletut" {flame, *Rage
                  | ^Drain rN+++ Dex+5}
 31858 | Slime:2  | Reached skill level 10 in Evocations
 32157 | Vaults:1 | Entered Level 1 of the Vaults
 33428 | Vaults:1 | Found Qaukk's Armour Emporium.
 33704 | Vaults:2 | Found Hidgheyno's Assorted Antiques.
 33711 | Vaults:2 | Bought a scroll labelled OPPIXU XEGUROI for 34 gold pieces
 34509 | Vaults:2 | Received a gift from Trog
 34622 | Vaults:2 | Found Tefeochi's Weapon Emporium.
 34625 | Vaults:2 | Found Putrytte's Book Shoppe.
 34639 | Vaults:2 | Reached XP level 21. HP: 129/143 MP: 21/21
 35027 | Vaults:2 | Found a staircase to the Crypt.
 35444 | Vaults:2 | Acquired 1382 gold pieces
 35456 | Vaults:3 | Received a gift from Trog
 35966 | Vaults:3 | You are sucked into a shaft and drop 1 floor!
 36326 | Vaults:4 | Received a gift from Trog
 36713 | Vaults:4 | Reached XP level 22. HP: 129/151 MP: 22/22
 37039 | Vaults:4 | Identified the +11 arbalest "Fitosoz" {penet, rN++ Str+4
                  | Int-3}
 37333 | Vaults:5 | Entered Level 5 of the Vaults
 37779 | Vaults:5 | Noticed a dread lich
 37779 | Vaults:5 | Noticed a golden dragon
 37799 | Vaults:5 | Received a gift from Trog
 37802 | Vaults:5 | Noticed Boris
 37811 | Vaults:5 | Noticed a golden dragon
 37844 | Vaults:5 | Killed a golden dragon
 37946 | Vaults:5 | Reached skill level 15 in Evocations
 38164 | Vaults:5 | Found Umoif's Magic Scroll Shoppe.
 38169 | Vaults:5 | Bought a scroll of blinking for 180 gold pieces
 38169 | Vaults:5 | Bought a scroll of fog for 96 gold pieces
 38169 | Vaults:5 | Bought a scroll of blinking for 180 gold pieces
 38169 | Vaults:5 | Bought a scroll of revelation for 180 gold pieces
 38176 | Vaults:5 | Found Heoq's Distillery.
 38181 | Vaults:5 | Bought a potion of heal wounds for 80 gold pieces
 38181 | Vaults:5 | Bought a potion of heal wounds for 80 gold pieces
 38181 | Vaults:5 | Bought a potion of haste for 160 gold pieces
 38181 | Vaults:5 | Bought a potion of haste for 160 gold pieces
 38181 | Vaults:5 | Bought a potion of might for 64 gold pieces
 38181 | Vaults:5 | Bought 2 potions of haste for 320 gold pieces
 38222 | Vaults:5 | Identified the +9 mace of the Many Geomancers {flame,
                  | *Corrode Will+ Dex+3 Stlth+} (Trog gifted it to you on
                  | level 5 of the Vaults)
 38222 | Vaults:5 | Received a gift from Trog
 38317 | Vaults:5 | Reached XP level 23. HP: 158/158 MP: 21/23
 38369 | Abyss:3  | Cast into level 3 of the Abyss (ettin)
 38441 | Abyss:4  | Found a corrupted altar of Lugonu.
 38807 | Abyss:5  | Received a gift from Trog
 38860 | Abyss:5  | Paralysed by accursed screaming for 1 turns
 38879 | Abyss:5  | Paralysed by accursed screaming for 1 turns
 39061 | Abyss:5  | Found a glowing golden altar of the Shining One.
 39067 | Abyss:5  | Noticed a juggernaut
 39093 | Abyss:5  | Killed a juggernaut
 39119 | Abyss:5  | Got an abyssal rune of Zot
 39292 | Abyss:5  | Found a corrupted altar of Lugonu.
 39307 | Abyss:5  | Noticed an ancient lich
 39307 | Abyss:5  | Killed from afar by an ancient lich

Illustrated notes

Levels and vault maps discovered:
D:1:      ebering_hopf_link, layout_loops_ring, ebering_ecumenical_altar_box,
          minivault_11
D:2:      layout_rooms
D:3:      layout_loops_cross, mainiacjoe_overflow_big_doors, minivault_5
D:4:      layout_cave_pools, nzn_hepliaklqana_mist_gate
D:5:      layout_rooms, uniq_pikel
D:6:      layout_rooms, temple_pool_b
D:7:      layout_basic, amcnicky_altar_gilded, kennysheep_minor_cross,
          chequers_mini_garden, minivault_5, dreamdust_gnoll_farm, uniq_maggie
D:8:      layout_loops_ring, palyth_temple_overflow_mages, grunt_decor_arrowhead
D:9:      minmay_recursive_quarters, layout_basic, lair_entry_dummy,
          dk_noncrumbling_2
D:10:     layout_small_grid, orc_0_dummy, bh_circular_ruins, uniq_amaemon
D:11:     layout_loops_ring, nicolae_ru_the_path_less_chosen, uniq_josephine
D:12:     layout_rooms, grunt_dithmenos_smoke_and_mirrors, uniq_fannar
D:13:     layout_cave_pools, david_vaults_2
D:14:     layout_rooms, gauntlet_entry_generic, bloody_makhleb,
          chequers_serial_rivers_small_a
D:15:     hangedman_depths_entry_civil_slaughter, layout_grid_maze,
          nicolae_qazlal_scattered_showers, minmay_checkered_concentric_circles,
          uniq_kirke
Lair:1:   beast_lair_carwin_large_2, layout_gridlike, uniq_urug
Lair:2:   layout_loops_ring, mainiacjoe_shoals_entry_four_pools, basic_altar,
          beast_lair_carwin_9, grunt_megastairs_3
Lair:3:   layout_loops_ring, nicolae_snake_entry_squirm,
          infiniplex_staircase_pool_2, uniq_sonja
Lair:4:   layout_concentric_octagons, slime_entry_1, basic_altar,
          infiniplex_staircase_pool, uniq_nessos
Lair:5:   evil_forest, layout_gridlike
Shoals:1: cheibrodos_shoals_oceanic_diplomacy, layout_shoals,
          nicolae_shoals_gull_way
Shoals:2: layout_shoals, nicolae_shoals_arrival_archipelago
Shoals:3: layout_shoals, gammafunk_ghost_berserking_beasts, serial_shops,
          shop_fountains, shop, nicolae_shop_hallway_plus, shop,
          nicolae_shop_firing_range, uniq_polyphemus
Shoals:4: shoals_end_hangedman, layout_shoals, uniq_mara
Snake:1:  layout_basic, hellmonk_guarded_unrand_salamander, grunt_megastairs_4
Snake:2:  layout_basic, basic_altar, serial_bayou_pond_a,
          nicolae_triple_integral, lemuel_fruit_tree, minmay_shop_grove,
          uniq_nikola, uniq_asterion, uniq_aizul, uniq_frances
Snake:3:  layout_cave_town
Snake:4:  snake_pit, layout_layer_cave, basic_altar, guppyfry_snake_island
Slime:1:  layout_caves, nicolae_slime_getting_an_eyeful
Slime:2:  layout_caves, basic_altar
Slime:3:  layout_caves, basic_altar
Slime:4:  layout_caves
Slime:5:  slime_pit_nicolae_jellycorners
Orc:1:    layout_caves, nicolae_orc_flooded_monolith, uniq_erolcha,
          uniq_nergalle
Orc:2:    hellmonk_orc_salted, layout_diamond_mine
Vaults:1: nicolae_vaults_rhombus_6, hangedman_vaults_hard_town_square,
          v_misc_11, hangedman_vaults_stagger, grunt_vaults_twisty,
          hangedman_vaults_pinch, hangedman_vaults_nails, ontoclasm_vaults_spin,
          layout_vaults_big_cross, serial_shops, shop_coins
Vaults:2: vaults_room_door_ring, minmay_crypt_entry_simple_plaza,
          nicolae_vaults_hexular_roomagon, nicolae_vaults_offset_grid_hallway_3,
          nicolae_vaults_enemy_cabinets, nicolae_vaults_six-pack,
          hangedman_vaults_slither, v_misc_23, nicolae_vaults_six-pack,
          nicolae_vaults_mini_display_case, nicolae_vaults_closet_pinwheel_2,
          v_misc_15, hangedman_vaults_nails, ontoclasm_vaults_pinch,
          nicolae_vaults_storage_room_glass, layout_vaults_maze, serial_shops,
          shop, nicolae_shop_pleasant_corner_grove, nicolae_book_shop_shelving
Vaults:3: portal_desolation_entry_nicolae_slug, nicolae_vaults_turnstiles,
          vaults_dpeg_cross, nicolae_vaults_offset_grid_hallway_3,
          vaults_standard_mumra_enter_the_diamond,
          nicolae_vaults_little_squares_3, nicolae_vaults_shipping_containers_3,
          vaults_room_ringed_pool, nicolae_vaults_what_the_h, vaults_room_boxed,
          layout_vaults_omnibox
Vaults:4: v_misc_23, nicolae_vaults_closet_pinwheel_4, v_alt_pattern_3,
          nicolae_vaults_doubleplus_tesselated,
          nicolae_vaults_shipping_containers_2, nicolae_vaults_big_angled_halls,
          vaults_mumra_hex, vaults_dpeg_ring, nicolae_vaults_yaktaur_gun_rack,
          v_misc_11, layout_vaults_big_room
Vaults:5: serial_shops, uniq_boris
Abyss:5:  base: D:13, base: Zot:4, base: D:5, base: D:1,
          hangedman_decor_riveting, spicy_abyss_pitcher_plant,
          nicolae_abyss_rune_left_handed, evilmike_abyss_rune_tso_outpost,
          spicy_abyss_planar_alliance

Skill      XL: |  1  2  3  4  5  6  7  8  9 10 11 12 13 14 15 16 17 18 19 20 21 22 23 |
---------------+----------------------------------------------------------------------+-----
Axes           | 3 4 6 7 |  7.7
Shields        | 1 2 3 4 5 6 8 10 12 14 15 16 17 18 19 20 | 20.5
Armour         | 3 4 5 6 9 10 12 14 16 17 18 19 20 | 20.7
Fighting       | 4 5 6 7 9 11 12 14 16 17 18 19 20 | 20.9
Maces & Flails | 6 10 14 16 17 18 | 18.7
Evocations     | 6 9 11 13 15 16 | 16.3
Dodging        | |  1.5

Action                     |  1- 3 |  4- 6 |  7- 9 | 10-12 | 13-15 | 16-18 | 19-21 | 22-24 || total
---------------------------+-------+-------+-------+-------+-------+-------+-------+-------++-------
  Melee: Hand axe          |   110 |   160 |   142 |       |       |       |       |       ||   412
         Punch             |       |     1 |     2 |       |       |       |       |       ||     3
         Morningstar       |       |       |    67 |   438 |   811 |   993 |  1314 |   899 ||  4522
         Battleaxe         |       |       |    50 |       |       |       |       |       ||    50
         Unarmed           |       |       |       |       |       |       |       |    17 ||    17
 Invoke: Berserk           |     3 |     4 |     6 |     8 |    19 |    17 |    17 |     7 ||    81
         Trog's Hand       |       |       |     4 |     3 |    14 |     7 |    19 |    11 ||    58
         Brothers in Arms  |       |       |       |       |     4 |     1 |     9 |       ||    14
    Use: Scroll            |       |     7 |     9 |     8 |     6 |     8 |    12 |     5 ||    55
         Potion            |       |       |       |     4 |     5 |     3 |       |       ||    12
   Stab: Distracted        |       |       |       |       |     1 |     8 |    21 |     5 ||    35
 Armour: Animal skin       |    60 |    38 |       |       |       |       |       |       ||    98
         Crystal plate arm |       |    90 |   305 |   607 |  1074 |   436 |   360 |       ||  2872
         Ice dragon scales |       |       |       |       |       |       |   192 |   691 ||   883
         Skin              |       |       |       |       |       |       |       |     8 ||     8
  Dodge: Dodged            |    91 |    48 |    54 |   102 |   233 |   160 |   163 |   217 ||  1068
  Block: Kite shield       |       |       |       |   164 |   611 |   123 |       |       ||   898
         Tower shield      |       |       |       |       |       |  1095 |  1446 |  1495 ||  4036
